 Dungeon Crawl Stone Soup version 0.21.0 (webtiles) character file.

141 Manul the Shooter (level 5, 0/27 HPs)
             Began as a Vine Stalker Hunter on Jan 7, 2018.
             Slain by a quokka (3 damage)
             ... on level 3 of the Dungeon.
             The game lasted 00:03:54 (2449 turns).

Manul the Shooter (Vine Stalker Hunter)             Turns: 2449, Time: 00:03:54

Health: 0/27       AC:  5    Str: 15    XL:     5   Next: 24%
Magic:  0/6        EV:  9    Int: 11    God:
Gold:   62         SH:  0    Dex: 15    Spells: 4/4 levels left

rFire    + . .     SeeInvis .   p - +2 dagger (venom)
rCold    . . .     Gourm    .   (no shield)
rNeg     . . .     Faith    .   t - +1 robe {rF+}
rPois    +         Spirit   +   x - +1 helmet
rElec    .         Reflect  .   (no cloak)
rCorr    .         Harm     .   (no gloves)
MR       .....                  (no boots)
Stlth    ++........             (no amulet)
HPRegen  0.49/turn              g - ring of poison resistance
MPRegen  0.10/turn              (no ring)

@: constricted
A: fangs 2, regeneration 1, magic shield, antimagic bite, no potion heal 3, rot
immunity
a: no special abilities


You were on level 3 of the Dungeon.
You were not hungry.

You visited 1 branch of the dungeon, and saw 3 of its levels.

You collected 62 gold pieces.

Inventory:

Hand Weapons
 a - a +1 shortbow
 b - a +0 short sword
 i - a +2 dagger of venom
 p - a +2 dagger of venom (weapon)
Missiles
 d - 28 arrows
Armour
 c - a +0 leather armour
 h - a +0 ring mail
 t - a +1 robe of fire resistance (worn)
 x - a +1 helmet (worn)
Jewellery
 g - a ring of poison resistance (left hand)
Wands
 w - a wand of polymorph (19)
Scrolls
 e - a scroll of fear {unknown}
 l - a scroll of teleportation
 n - a scroll of blinking {unknown}
 o - 3 scrolls of identify
 u - a scroll of remove curse
 v - a scroll of random uselessness
Potions
 j - a potion of might {unknown}
 k - a potion of heal wounds {unknown}
 m - a potion of agility {unknown}
 r - 2 potions of flight {unknown}
 s - a potion of brilliance {unknown}
Comestibles
 f - 4 rations
 q - 12 chunks of flesh


   Skills:
 + Level 2.3 Fighting
 + Level 5.0 Bows
 + Level 1.0 Armour
 + Level 2.0 Dodging
 + Level 2.0 Stealth


You had 4 spell levels left.
You didn't know any spells.

Dungeon Overview and Level Annotations

Branches:
Dungeon (3/15)

Altars:
Okawaru
Trog
Vehumet

Annotations:
D:3 Sigmund


Innate Abilities, Weirdness & Mutations

You have extremely sharp teeth.
Your natural rate of healing is unusually fast.
When hurt, damage is shared between your health and your magic reserves.
Your bite disrupts and absorbs the magic of your enemies.
Potions cannot restore your health.
You are immune to rotting.


Message History

* * * LOW HITPOINT WARNING * * *
Sigmund closely misses you.
Some of the chunks of flesh in your inventory have rotted away.
Your surroundings suddenly seem different.
A ball python comes into view.
The ball python hisses angrily.
The ball python bites you.
* * * LOW HITPOINT WARNING * * *
The ball python closely misses you.
Found 13 gold pieces.
A bat, a rat and a quokka come into view.
Wield which item (- for none, * to show all)? (? for menu, Esc to quit)
Your +2 dagger of venom begins to drip with poison!
p - a +2 dagger of venom (weapon)
You barely miss the ball python. Your bite misses the ball python.
The bat hits you but does no damage.
The ball python bites you but does no damage.
The ball python grabs you. The ball python constricts you.
The quokka bites you.
You die...

# .# .# #
#.#.##
.....##
#.###r......
#.b.@S....#
...
#####.....#
#..# .....#
#... $....#
#... #..#.#
##§.§ .r# #
####...) ..#
#.....?§ ...
........
#.......


You could see a quokka, a bat, a ball python and a rat.

Vanquished Creatures
  Jessica (D:2)
  Robin (D:3)
  2 adders (D:2)
  2 worms (D:2)
  3 dart slugs
  2 leopard geckos
  3 orcs (D:3)
  2 giant cockroaches (D:2)
  14 goblins
  5 hobgoblins
  7 jackals
  6 kobolds
  A quokka (D:2)
  5 bats
  3 frilled lizards
  4 rats
61 creatures vanquished.

Vanquished Creatures (others)
  An orc priest (D:3)
  An orc (D:3)
  2 goblins (D:3)
4 creatures vanquished.

Grand Total: 65 creatures vanquished

Notes
Turn   | Place    | Note
-------+----------+-------------------------------------------
     0 | D:1      | Manul the Vine Stalker Hunter began the quest for the Orb.
     0 | D:1      | Reached XP level 1. HP: 11/11 MP: 2/2
   241 | D:1      | Reached XP level 2. HP: 15/15 MP: 3/3
   284 | D:1      | Reached skill level 4 in Bows
   843 | D:1      | Reached XP level 3. HP: 18/18 MP: 4/4
  1243 | D:2      | Found an iron altar of Okawaru.
  1553 | D:2      | Found a faded altar of an unknown god.
  1575 | D:2      | Noticed Jessica
  1581 | D:2      | Killed Jessica
  1581 | D:2      | Gained mutation: Your natural rate of healing is unusually fast. [Vine Stalker growth]
  1581 | D:2      | Reached XP level 4. HP: 23/23 MP: 5/5
  1648 | D:2      | Found a bloodstained altar of Trog.
  2197 | D:3      | Noticed Robin
  2213 | D:3      | HP: 1/23 [goblin/club[Robin] (8)]
  2279 | D:3      | Reached XP level 5. HP: 26/27 MP: 6/6
  2288 | D:3      | Killed Robin
  2288 | D:3      | Reached skill level 1 in Armour
  2320 | D:3      | Found a radiant altar of Vehumet.
  2358 | D:3      | Reached skill level 5 in Bows
  2387 | D:3      | Noticed Sigmund
  2443 | D:3      | HP: 1/27 [gnoll/club (4)]
  2449 | D:3      | Slain by a quokka

Skill      XL: |  1  2  3  4  5 |
---------------+----------------+-----
Bows           | 4 5 |  5.0
Fighting       | 2 |  2.3
Armour         | 1 |  1.0
Dodging        | 2 |  2.0
Stealth        | 2 |  2.0

Action                   |  1- 3 |  4- 6 || total
-------------------------+-------+-------++-------
Melee: Short sword       |     5 |       ||     5
       Bite              |    14 |    28 ||    42
       Dagger            |    52 |    78 ||   130
 Fire: Shortbow          |    11 |     4 ||    15
  Use: Potion            |       |     1 ||     1
       Scroll            |       |     3 ||     3
 Stab: Sleeping          |     2 |     1 ||     3
  Eat: Chunk             |     2 |     3 ||     5
Armor: Leather armour    |     1 |       ||     1
       Ring mail         |    18 |       ||    18
       Robe              |       |    31 ||    31
Dodge: Dodged            |    23 |    58 ||    81
